 Dungeon Crawl Stone Soup version 0.23.2-1-ga50397a (webtiles) character file.

Game seed: 1742106579538236850

156 funkygono the Digger (level 5, -3/36 HPs)
             Began as a Formicid Earth Elementalist on May 12, 2019.
             Slain by Grinder (7 damage)
             ... on level 3 of the Dungeon.
             The game lasted 00:07:25 (2771 turns).

funkygono the Digger (Formicid Earth Elementalist)  Turns: 2771, Time: 00:07:27

Health: -3/36      AC:  5    Str: 12    XL:     5   Next: 64%
Magic:  0/10       EV: 12    Int: 16    God:
Gold:   209        SH:  0    Dex: 17    Spells: 2/11 levels left

rFire    . . .     SeeInvis +   h - +1 mace
rCold    . . .     Gourm    .   (no shield)
rNeg     . . .     Faith    .   f - +0 leather armour
rPois    .         Spirit   .   (helmet unavailable)
rElec    .         Reflect  .   s - +0 cloak
rCorr    .         Harm     .   e - +0 pair of gloves
MR       .....                  (no boots)
Stlth    +++.......             (no amulet)
HPRegen  0.12/turn              l - ring of stealth
MPRegen  0.12/turn              t - +6 ring of dexterity

@: very slightly contaminated
A: permanent stasis, dig shafts and tunnels, four strong arms, antennae 3
a: Dig, Shaft Self


You were on level 3 of the Dungeon.
You were hungry.

You visited 1 branch of the dungeon, and saw 3 of its levels.

You collected 209 gold pieces.

Inventory:

Hand Weapons
 h - a +1 mace (weapon)
 r - a +3 quarterstaff of chaos
Missiles
 b - 52 stones (quivered)
Armour
 c - a +0 robe
 e - a +0 pair of gloves (worn)
 f - a +0 leather armour (worn)
 s - a +0 cloak (worn)
Jewellery
 l - a ring of stealth (left hand)
 o - an uncursed ring of ice {unknown}
 t - a +6 ring of dexterity (right hand)
Scrolls
 p - 2 scrolls of fear
Potions
 g - a potion of mutation
 i - a potion of lignification {unknown}
 j - a potion of flight
 k - 2 potions of agility {unknown}
 m - a potion of ambrosia {unknown}
 n - a potion of heal wounds {unknown}
 q - a potion of curing {unknown}
Comestibles
 a - 2 chunks of flesh
 d - a ration


   Skills:
 + Level 0.7 Fighting
 + Level 0.4 Maces & Flails
 + Level 1.0 Armour
 + Level 2.3 Dodging
 + Level 2.6 Stealth
 + Level 3.5 Spellcasting
 + Level 0.5 Conjurations
   Level 1.1 Transmutations
 + Level 5.1 Earth Magic


You had 2 spell levels left.
You knew the following spells:

 Your Spells              Type           Power        Failure   Level  Hunger
a - Sandblast             Erth           ###...       2%          1    None
b - Stone Arrow           Conj/Erth      ##....       22%         3    ###....
c - Lee's Rapid Deconstr  Erth           ###.......   58%         5    ######.

Your spell library contained the following spells:

 Spells                   Type           Power        Failure   Level  Hunger
 Passwall                 Tmut/Erth      ##......     10%         2    ##.....
 Petrify                  Tmut/Erth      ##......     52%         4    ####...


Dungeon Overview and Level Annotations

Branches:
Dungeon (3/15)

Altars:

Annotations:
D:3 Grinder


Innate Abilities, Weirdness & Mutations

You cannot be hasted, slowed, berserked, paralysed or teleported.
You can dig through walls and to a lower floor.
Your four strong arms can wield two-handed weapons with a shield.
You have a pair of large antennae on your head. (SInv)


Message History

Grinder is heavily wounded.
Grinder closely misses you. Grinder hits you!
You writhe in agony.
* * * LOW HITPOINT WARNING * * *
You hit Grinder.
Grinder is severely wounded.
Grinder hits you.
* * * LOW HITPOINT WARNING * * *
Items here: % )) ÷ † a cursed +0 club; a +0 short sword; 3 chunks of flesh; a goblin skeleton a kobold corpse
Casting: Stone Arrow (safe; 22% risk of failure)
Confirm with . or Enter, or press ? or * to list all spells.
Aiming: Sandblast (safe; 2% risk of failure)
Press: ? - help, Shift-Dir - straight line, f/p - Grinder
Aim: Grinder (severely wounded)
The blast of sand hits Grinder but does no damage.
Grinder is severely wounded.
b - 52 stones Grinder hits you!
You die...

### ....# .
..###....#..
....>.... ..†....
.... ....# ...
#...# .. #.# { ###.
#5# #. #...###@# #.
#.....#
#.#####....#
#..........# #
##>..###)...# # #)
....# #....#.#. #..
#..###........
#..###..##....[....
#............####


You could see Grinder.

Vanquished Creatures
  Crazy Yiuf (D:2)
  Terence (D:1)
  3 adders (D:2)
  An ooze (D:1)
  2 worms
  2 dart slugs
  3 leopard geckos (D:1)
  4 orcs (D:2)
  2 giant cockroaches
  8 goblins
  9 hobgoblins
  3 ball pythons
  4 bats
  A frilled lizard (D:1)
  8 kobolds
  5 rats
57 creatures vanquished.

Notes
Turn   | Place    | Note
-------+----------+-------------------------------------------
     0 | D:1      | funkygono the Formicid Earth Elementalist began the quest
                  | for the Orb.
     0 | D:1      | Reached XP level 1. HP: 13/13 MP: 3/3
   315 | D:1      | Reached XP level 2. HP: 19/19 MP: 1/5
   341 | D:1      | Reached skill level 4 in Earth Magic
   539 | D:1      | Reached XP level 3. HP: 24/24 MP: 2/6
   740 | D:1      | Learned a level 3 spell: Stone Arrow
  1190 | D:2      | Noticed Terence
  1276 | D:1      | HP: 1/24 [Terence/+0 hand axe (7)]
  1277 | D:1      | Killed Terence
  1277 | D:1      | Reached XP level 4. HP: 1/31 MP: 0/8
  2004 | D:2      | Found a runed translucent door.
  2005 | D:2      | Noticed Crazy Yiuf
  2010 | D:2      | Killed Crazy Yiuf
  2010 | D:2      | Reached skill level 5 in Earth Magic
  2010 | D:2      | Reached XP level 5. HP: 36/36 MP: 6/10
  2017 | D:2      | Learned a level 5 spell: Lee's Rapid Deconstruction
  2755 | D:3      | Reached skill level 1 in Armour
  2756 | D:3      | Noticed Grinder
  2771 | D:3      | Slain by Grinder

Skill      XL: |  1  2  3  4  5 |
---------------+----------------+-----
Earth Magic    | 4 5 |  5.1
Dodging        | 2 |  2.3
Spellcasting   | 3 |  3.5
Armour         | 1 |  1.0
Fighting       | |  0.7
Maces & Flails | |  0.4
Stealth        | |  2.6
Conjurations   | |  0.5
Transmutations | |  1.1

Action                   |  1- 3 |  4- 6 || total
-------------------------+-------+-------++-------
Melee: Unarmed           |     5 |       ||     5
       Mace              |    34 |    45 ||    79
 Cast: Sandblast         |    31 |    11 ||    42
       Stone Arrow       |     7 |    21 ||    28
  Use: Scroll            |     3 |     3 ||     6
 Stab: Sleeping          |       |     1 ||     1
  Eat: Chunk             |     1 |     8 ||     9
Armor: Leather armour    |    19 |    13 ||    32
Dodge: Dodged            |    43 |    35 ||    78
